 Dungeon Crawl Stone Soup version 0.30-a0-743-gbfdf073431 (webtiles) character file.

Game seed: 2645182366411612196

624 Dittersdorf the Shield-Bearer (level 7, 0/44 HPs)
             Began as a Gargoyle Fighter on Feb 7, 2023.
             Slain by Duvessa
             ... wielding a +0 rapier
              (3 damage)
             ... on level 4 of the Dungeon.
             The game lasted 00:07:09 (3128 turns).

Dittersdorf the Shield-Bearer (Gargoyle Fighter)    Turns: 3128, Time: 00:07:09

Health: 0/44       AC: 15    Str: 22    XL:     7   Next: 47%
Magic:  7/7        EV: 10    Int:  8    God:
Gold:   141        SH:  6    Dex: 12    Spells: 6/6 levels left

rFire   . . .      SeeInvis .    a - +0 flail
rCold   . . .      Faith    .    c - +1 buckler
rNeg    + . .      Spirit   .    l - +4 ring mail of the Big Bang {Fly Dex+3}
rPois   ∞          Reflect  .    (no helmet)
rElec   +          Harm     .    (no cloak)
rCorr   .          Rampage  .    (no gloves)
Will    .....                    (no boots)
Stlth   +                        (no amulet)
HPRegen 0.27/turn                (no ring)
MPRegen 0.10/turn                (no ring)

@: flying
A: sickness immunity, AC +4, negative energy resistance 1, electricity
resistance, torment resistance 1, petrification resistance
a: no special abilities


You were on level 4 of the Dungeon.
You visited 1 branch of the dungeon, and saw 4 of its levels.
You also visited: Sewer.

You collected 141 gold pieces.

Inventory:

Hand Weapons
 a - a +0 flail (weapon)
Missiles
 j - 9 poisoned darts (quivered)
Armour
 c - a +1 buckler (worn)
 l - the +4 ring mail of the Big Bang (worn) {Fly Dex+3}
   (You found it on level 2 of the Dungeon)

   Dex:       It affects your dexterity (+3).
   Fly:       It grants you flight.
Wands
 s - a wand of iceblast (7)
Scrolls
 b - 2 scrolls of blinking
 e - a scroll of enchant armour
 r - 3 scrolls of fear
 t - 3 scrolls of teleportation
Potions
 d - a potion of might
 f - a potion of mutation {unknown}
 g - a potion of lignification {unknown}
 h - 2 potions of curing {unknown}
 i - 4 potions of haste {unknown}
 k - 3 potions of ambrosia {unknown}
 m - a potion of brilliance {unknown}
 n - a potion of resistance {unknown}
 o - a potion of flight
 q - a potion of heal wounds


   Skills:
 + Level 5.3 Fighting
 + Level 4.3 Maces & Flails
 + Level 5.3 Armour
 + Level 5.4 Shields


You had 6 spell levels left.
You didn't know any spells.
Your spell library contained the following spells:

 Spells                   Type           Power      Damage    Failure   Level
 Apportation              Tloc           0%         N/A       65%         1
 Magic Dart               Conj           0%         1d3       65%         1
 Call Imp                 Summ           0%         N/A       78%         2
 Gell's Gravitas          Tloc           0%         N/A       95%         3
 Mephitic Cloud           Conj/Pois/Air  0%         N/A       95%         3
 Portal Projectile        Hex/Tloc       0%         N/A       95%         3
 Teleport Other           Tloc           0%         N/A       95%         3
 Tukima's Dance           Hex            0%         N/A       95%         3
 Alistair's Intoxication  Tmut/Pois      0%         N/A       100%        5
 Blade Hands              Tmut           0%         N/A       100%        5
 Dispersal                Tloc           0%         N/A       100%        6


Dungeon Overview and Level Annotations

Branches:
Dungeon (4/15)              Sewer (visited)
 Temple: D:4-7

Altars:
The Shining One

Annotations:
D:4 Dowan, Duvessa


Innate Abilities, Weirdness & Mutations

You are immune to sickness and miasma.
Your stone body is resilient. (AC +4)
You are immune to poison.
You resist negative energy. (rN+)
You are resistant to electric shocks. (rElec)
You are resistant to unholy torment.
You are immune to petrification.


Message History

Duvessa attacks as you move away! Duvessa hits you but does no damage.
The phantom attacks as you move away! The phantom hits you.
Duvessa hits you with a +0 rapier.
* * * LOW HITPOINT WARNING * * *
You block the phantom's attack. Duvessa attacks as you move away!
Duvessa hits you but does no damage. The phantom attacks as you move away!
The phantom hits you but does no damage.
Duvessa misses you. Duvessa attacks as you move away!
Duvessa hits you with a +0 rapier.
* * * LOW HITPOINT WARNING * * *
Duvessa hits you but does no damage. Duvessa attacks as you move away!
Duvessa hits you but does no damage. Duvessa hits you with a +0 rapier!
* * * LOW HITPOINT WARNING * * *
Duvessa attacks as you move away! Duvessa barely misses you.
You block Duvessa's attack.
Dowan mumbles some strange words.
Dowan blinks!
Duvessa attacks as you move away! You block Duvessa's attack.
Duvessa hits you but does no damage. The phantom attacks as you move away!
The phantom barely misses you. Duvessa barely misses you.
The phantom attacks as you move away!
The phantom hits you but does no damage.
Duvessa hits you but does no damage. Duvessa hits you but does no damage.
The phantom attacks as you move away! You block the phantom's attack.
Duvessa attacks as you move away! Duvessa hits you with a +0 rapier.
* * * LOW HITPOINT WARNING * * *
The phantom attacks as you move away! The phantom closely misses you.
Duvessa attacks as you move away! Duvessa hits you but does no damage.
Duvessa barely misses you. Duvessa attacks as you move away!
Duvessa barely misses you. The phantom attacks as you move away!
The phantom hits you but does no damage.
Duvessa gestures with her weapon.
Duvessa says, "My weaknesses are his strengths!"
Duvessa hits you with a +0 rapier.
You die...

)...# #.###...###..........##
....## #.....### ##...##....#
#....## ##...## #..#####..##
##....### ##.### #..# #...##
#.......###..## ##.## ##....
.........<....## #..# #..##.
..........###..## ##.## #..###
.........## #...###..# ###..###
.........# ##...@##..#####......#
........####.....e......#...#....
........###...#..W.##.......###..
........#...##.....####.....#####
...........###.....# #).....## #
..........###.....## #.......###
....#.....##......# ##..........
...##..##.........## #..........#
.#####. ###....#...# #..........#


You could see Duvessa (fast) and a phantom.

Vanquished Creatures
  Grinder (D:3)
  Edmund (D:4)
  2 jellies (Sewer)
  Terence (D:3)
  12 adders
  2 river rats (Sewer)
  4 dart slugs
  3 orcs (D:3)
  5 bats
  7 endoplasms
  8 giant cockroaches
  8 goblins
  3 hobgoblins
  4 quokkas
  14 ball pythons
  7 frilled lizards
  6 kobolds
  5 rats
93 creatures vanquished.

Notes
Turn   | Place    | Note
-------+----------+-------------------------------------------
     0 | D:1      | Dittersdorf the Gargoyle Fighter began the quest for the
                  | Orb.
     0 | D:1      | Reached XP level 1. HP: 14/14 MP: 1/1
   111 | D:1      | Reached XP level 2. HP: 18/19 MP: 2/2
   619 | D:2      | Reached XP level 3. HP: 23/24 MP: 3/3
   692 | D:2      | Found a glowing golden altar of the Shining One.
   710 | D:2      | Identified the +4 ring mail of the Big Bang {Fly Dex+3}
   827 | D:2      | Reached XP level 4. HP: 29/29 MP: 4/4
  1355 | D:3      | Noticed Terence
  1365 | D:3      | Killed Terence
  1466 | D:3      | Reached XP level 5. HP: 33/33 MP: 5/5
  1566 | D:3      | Found a faded altar of an unknown god.
  1663 | D:3      | Found a glowing drain.
  1691 | Sewer    | Entered a sewer
  1901 | Sewer    | Found a viscous altar of Jiyva.
  1950 | Sewer    | Reached XP level 6. HP: 35/39 MP: 6/6
  2086 | D:3      | Noticed Grinder
  2108 | D:3      | Paralysed by Grinder for 5 turns
  2116 | D:3      | Killed Grinder
  2117 | D:3      | Reached skill level 5 in Fighting
  2117 | D:3      | Reached skill level 5 in Armour
  2117 | D:3      | Reached skill level 5 in Shields
  2117 | D:3      | Reached XP level 7. HP: 23/44 MP: 7/7
  2828 | D:4      | Noticed Edmund
  2851 | D:4      | Killed Edmund
  3096 | D:4      | Noticed Duvessa
  3099 | D:4      | Noticed Dowan
  3116 | D:4      | HP: 1/44 [Duvessa/+0 rapier (9)]
  3125 | D:4      | HP: 2/44 [Duvessa/+0 rapier (1)]
  3128 | D:4      | Slain by Duvessa

Illustrated notes

Levels and vault maps discovered:
D:1:      dpeg_arrival_houses_and_road, layout_basic,
          minmay_misc_feat_four_crosses
D:2:      layout_loops_ring, basic_altar
D:3:      layout_loops_corners, shapermc_ecumenical_altar_ellora,
          gup_sewer_entry_glass, uniq_terence, uniq_grinder
D:4:      layout_layer_cave, hangedman_glass_teeth, uniq_edmund, uniq_pargi,
          uniq_duvessa

Skill      XL: |  1  2  3  4  5  6 |
---------------+-------------------+-----
Fighting       | 4 5 |  5.3
Shields        | 4 5 |  5.4
Armour         | 4 5 |  5.3
Maces & Flails | 3 4 |  4.3

Action                     |  1- 3 |  4- 6 |  7- 9 || total
---------------------------+-------+-------+-------++-------
  Melee: Flail             |    82 |   145 |    62 ||   289
         Unarmed           |       |     9 |       ||     9
    Use: Scroll            |       |     6 |     3 ||     9
 Armour: Scale mail        |    40 |       |       ||    40
         Ring mail         |    11 |    63 |    35 ||   109
  Dodge: Dodged            |    64 |    77 |    38 ||   179
  Block: Buckler           |    19 |    52 |    21 ||    92

Table legend: (Time is in decaauts)
 A = Elapsed time spent in this place.
 B = Non-inter-level travel time spent in this place.
 C = Inter-level travel time spent in this place.
 D = Time resting spent in this place.
 E = Time spent auto-exploring this place.
 F = Levels seen in this place.
 G = Mean time per level.
                   A        B        C        D        E       F      G
               +--------+--------+--------+--------+--------+-----+--------+
         Total |   3209 |   3041 |    168 |    284 |   1666 |   5 |  641.8 |
       Dungeon |   2854 |   2686 |    168 |    209 |   1567 |   4 |  713.5 |
         Sewer |    355 |    355 |      0 |     75 |     99 |   1 |  355.0 |
               +--------+--------+--------+--------+--------+-----+--------+

Top non-repeatable levels by time:
     D:3: 1018 daAuts
     D:2: 636 daAuts
     D:1: 628 daAuts
     D:4: 571 daAuts
   Sewer: 355 daAuts
